 Dungeon Crawl Stone Soup version 0.29.1-12-g30fa7ad0bf (webtiles) character file.

Game seed: 1311205190903958425

9158 Sanktem7 the Fighter (level 11, 0/107 HPs)
             Began as a Minotaur Fighter on Dec 16, 2022.
             Was a Believer of Trog.
             Succumbed to a kobold brigand's poison
             ... on level 10 of the Dungeon.
             The game lasted 00:15:28 (8023 turns).

Sanktem7 the Fighter (Minotaur Fighter)             Turns: 8023, Time: 00:15:28

Health: 0/107      AC: 20    Str: 24    XL:     11   Next: 19%
Magic:  10/10      EV:  7    Int:  3    God:    Trog [**....]
Gold:   455        SH:  4    Dex: 11    Spells: 10/10 levels left

rFire   + . .      SeeInvis .   b - +8 mace of Uluozela {vorpal, Fly rElec rCorr Int-2, mace}
rCold   . . .      Faith    .   c - +0 buckler
rNeg    . . .      Spirit   .   q - +0 plate armour
rPois   .          Reflect  .   (helmet restricted)
rElec   +          Harm     .   u - +1 cloak
rCorr   +          Rampage  .   (no gloves)
Will    .....                   D - +2 pair of boots
Stlth   ..........              G - amulet of regeneration {@e2}
HPRegen 1.07/turn               I - ring of protection from fire
MPRegen 0.12/turn               (no ring)

@: lethally poisoned (0 -> -2), about to teleport, flying
A: horns 2, retaliatory headbutt
a: Renounce Religion, Berserk, Trog's Hand


You were on level 10 of the Dungeon.
You worshipped Trog.
Trog was pleased with you.
You visited 2 branches of the dungeon, and saw 11 of its levels.

You collected 455 gold pieces.


Innate Abilities, Weirdness & Mutations

You have a pair of horns on your head.
You reflexively headbutt those who attack you in melee.


   Skills:
 * Level 13.6 Fighting
 - Level 3.6(9.1) Axes
 * Level 12.8(13.0) Maces & Flails
 + Level 10.1 Armour
 - Level 3.6 Shields


You had 10 spell levels left.
You didn't know any spells.
Your spell library contained the following spells:

 Spells                   Type           Power      Damage    Failure   Level
 Foxfire                  Conj/Fire      0%         2x1d4     100%        1
 Conjure Flame            Conj/Fire      0%         6-21      100%        3
 Inner Flame              Hex/Fire       0%         N/A       100%        3
 Tukima's Dance           Hex            0%         N/A       100%        3
 Flame Wave               Conj/Fire      0%         2d4       100%        4
 Passage of Golubria      Tloc           0%         N/A       100%        4
 Yara's Violent Unravell  Hex/Tmut       0%         3d3       100%        5

Inventory:

Hand Weapons
 a - a +1 war axe {axe}
 b - the +8 mace of Uluozela (weapon) {vorpal, Fly rElec rCorr Int-2, mace}
   (You found it on level 3 of the Dungeon)

   It inflicts extra damage upon your enemies.
   Int:       It affects your intelligence (-2).
   rElec:     It insulates you from electricity.
   Fly:       It grants you flight.
   rCorr:     It protects you from acid and corrosion.
Missiles
 i - 67 stones (quivered) {throwing}
 p - 8 boomerangs {throwing}
 w - 32 poisoned darts {throwing}
Armour
 c - a +0 buckler (worn)
 q - a +0 plate armour (worn)
   (You found it on level 2 of the Dungeon)
 u - a +1 cloak (worn)
   (You found it on level 3 of the Dungeon)
 D - a +2 pair of boots (worn)
   (You found it on level 5 of the Dungeon)
Magical Staves
 O - a staff of air {forbidden!astaff}
   (You found it on level 10 of the Dungeon)
Jewellery
 G - an amulet of regeneration (around neck) {@e2}
   (You found it on level 5 of the Dungeon)
 I - a ring of protection from fire (left hand)
   (You found it on level 7 of the Dungeon)
Wands
 m - a wand of roots (10)
   (You found it on level 6 of the Dungeon)
 r - a wand of digging (3)
   (You found it on level 6 of the Dungeon)
 x - a wand of paralysis (17)
   (You found it on level 6 of the Dungeon)
 A - a wand of flame (15)
   (You found it on level 6 of the Dungeon)
 E - a wand of polymorph (2)
   (You took it off Duvessa on level 5 of the Dungeon)
 K - a wand of light (9)
   (You took it off Maurice on level 8 of the Dungeon)
Scrolls
 g - 3 scrolls of enchant weapon
 k - 3 scrolls of teleportation {@r4}
 o - 3 scrolls of butterflies
 y - 3 scrolls of identify {@r1}
 z - a scroll of fear {unknown}
 C - 4 scrolls of enchant armour
 H - a scroll of poison {unknown}
 J - a scroll of magic mapping {unknown}
 P - a scroll of vulnerability {unknown}
Potions
 d - 6 potions of might
 e - a potion of cancellation {unknown}
 f - a potion of degeneration {unknown}
 h - a potion of attraction {unknown}
 j - 2 potions of flight
 l - 3 potions of ambrosia
 n - a potion of brilliance {unknown}
 s - a potion of magic {unknown}
 t - 2 potions of invisibility
 v - a potion of heal wounds {unknown}
 B - 4 potions of haste {@q3}
 F - a potion of mutation {!q}
 M - 2 potions of lignification {unknown}
 N - a potion of berserk rage {unknown}

Dungeon Overview and Level Annotations

Branches:
Dungeon (10/15) Zot: 26538  Temple (1/1) D:5 Zot: 5838
   Lair: D:8-11         Orc: D:9-12

Altars:
Ashenzari
Cheibriados
Dithmenos
Elyvilon
Fedhas
Gozag
Hepliaklqana
Kikubaaqudgha
Makhleb
Nemelex Xobeh
Okawaru
Qazlal
Ru
Sif Muna
Trog
Uskayaw
Vehumet
Wu Jian
Xom
Yredelemnul
Zin
The Shining One

Shops:
D:1 (   D:5 =

Annotations:
D:7 2 transporters, zeram's ghost, novice SpHu
D:10 Lodul

......... ###'######
#..###### #........#
##...# #........# ##.#
#........# ####...
#........' ....?....
#........# #####....
#........# . ..#
#############........#
...
#....@.KK...#........#
..... #.#
#.).....KKK.#........#
.##.. ...
+.......K...+.........
.# #.# #.#
#.......K...#####.....
.# #.# #.#
#...........# #.....
#.# #.# #...........#
#..... #.# #.#
###....###### #.....
#.# #.# #....# #)....
#.###.##### #.....


You could see 2 kobold demonologists, 4 kobold brigands and a kobold.


Message History

You sock the ogre!
You kill the ogre!
Trog accepts your kill. 😱 HP[+1]
You block the ogre's attack.
Things that are here:
a +0 giant spiked club {mace}; a +0 giant club {mace} 😨 HP[+1]
You sock the ogre! 😨 HP[+1]
You sock the ogre! You headbutt the ogre. The ogre barely misses you.
You furiously retaliate!
You headbutt the ogre!
You kill the ogre!
Trog accepts your kill. 😨 HP[+1]
You barely miss the ogre. You headbutt the ogre! 😨 HP[+1]
You sock the ogre!
You kill the ogre!
Trog accepts your kill. 😨 HP[+1]
You sock the ogre! You block the ogre's attack. 😨 HP[+1]
You bludgeon the ogre!!
You kill the ogre!
Trog accepts your kill.
You sock the ogre! You headbutt the ogre. The ogre barely misses you.
An ogre comes into view.
It is wielding a +0 giant spiked club. 😨 HP[+1]
You hit the ogre.
You kill the ogre!
Trog accepts your kill. 😨 HP[+1]
The ogre hits you with a +0 giant spiked club!
* * * LOW HITPOINT WARNING * * *
😱 HP[-13]
You take 13 damage, and now have 21/107 hp.
You sock the ogre!
The ogre hits you with a +0 giant spiked club!!
* * * LOW HITPOINT WARNING * * *
😱 HP[-17]
You take 17 damage, and now have 4/107 hp.
You sock the ogre!
You kill the ogre!
Trog accepts your kill. Lodul closely misses you. You furiously retaliate!
You headbutt Lodul. 😱 HP[+1] Unknown command.
You feel better. 😱 HP[+11]
You regained 11 hp, and now have 16/107 hp.
Unknown command.
Things that are here:
a +0 giant spiked club {mace}; an ogre corpse 😱 HP[+1] Lodul attacks as you move away!
Lodul barely misses you. 😱 HP[+1] 😱 HP[+1] 😱 HP[+1] Lodul shouts, "Intruder!"
Lodul zaps a wand.
You easily resist. 😱 HP[+1]
As you read the scroll of teleportation {@r4}, it crumbles to dust.
You feel strangely unstable.
Lodul lets out a whooping war cry.
Lodul hits you with a +0 great mace!!
* * * LOW HITPOINT WARNING * * *
😱 HP[-20]
You take 20 damage, and now have 1/107 hp.
Unknown command. 😱 HP[+1]
Your surroundings suddenly seem different. 2 kobold demonologists, a kobold and 4 kobold brigands come into view.
A kobold brigand is wielding a +0 whip and quivering poisoned darts.
A kobold brigand is wielding a +0 whip and quivering poisoned darts.
A kobold brigand is wielding a +0 short sword and quivering poisoned darts.
A kobold brigand is wielding a +0 dagger and quivering poisoned darts.
The kobold brigand shouts! x2; The kobold demonologist shouts!
The kobold brigand shouts!
The kobold shouts!
The kobold brigand shouts!
The kobold brigand barely misses you. 😱 HP[+1]
As you read the scroll of teleportation {@r4}, it crumbles to dust.
You feel strangely unstable.
The kobold brigand hits you but does no damage. 😱 HP[+2]
You regained 2 hp, and now have 5/107 hp.
The kobold brigand throws a poisoned dart.
You block the poisoned dart.
The kobold hits you with a +0 short sword.
* * * LOW HITPOINT WARNING * * *
The kobold demonologist begins to cast a cantrip, but forgets the words!
The kobold brigand attacks as you move away!
The kobold brigand hits you but does no damage.
The kobold demonologist begins to cast a cantrip, but forgets the words!
The kobold brigand throws a poisoned dart.
The poisoned dart hits you!
You are poisoned. 😱 HP[+1]
The kobold brigand attacks as you move away!
The kobold brigand hits you with a +0 short sword.
* * * LOW HITPOINT WARNING * * *
You die...

Skill      XL: |  1  2  3  4  5  6  7  8  9 10 11 |
---------------+----------------------------------+-----
Fighting       | 4 5 6 8 9 11 13 | 13.6
Axes           | 3 |  3.6
Armour         | 4 5 6 7 8 9 10 | 10.1
Maces & Flails | 2 4 6 8 10 12 | 12.8
Shields        | |  3.6

Action                   |  1- 3 |  4- 6 |  7- 9 | 10-12 || total
-------------------------+-------+-------+-------+-------++-------
Melee: War axe           |    66 |       |       |       ||    66
       Headbutt          |     6 |     3 |    25 |    34 ||    68
       Mace              |     5 |    45 |   179 |   174 ||   403
  Use: Scroll            |     1 |     3 |    10 |     2 ||    16
       Potion            |       |       |       |     1 ||     1
Armor: Scale mail        |    37 |       |       |       ||    37
       Plate armour      |     3 |    20 |   160 |   162 ||   345
Dodge: Dodged            |    33 |    12 |    64 |    72 ||   181
Block: Buckler           |    16 |     6 |    51 |    39 ||   112

Levels and vault maps discovered:
D:1:      elethiomel_arrival_infinity_welcomes_careful_drivers,
          layout_loops_cross, serial_shops, shop, serial_bayou_pond_c,
          minivault_27, minmay_shallow_snake_nest
D:2:      layout_basic, basic_ecumenical_altar, basic_altar, minivault_4
D:3:      layout_loops_ring, uniq_terence
D:4:      layout_cave_pools, hangedman_decor_diamond_cutter,
          kennysheep_big_empty_room, uniq_pikel
D:5:      layout_cave_pools, minmay_temple_entry_enclosed_plants, serial_shops,
          shop, uniq_duvessa, uniq_edmund
D:6:      layout_cave_pools, mainiacjoe_overflow_alcove_2,
          minmay_misc_feat_nine_boxes
D:7:      layout_cave_pools, gammafunk_ghost_arena, nicolae_titane
D:8:      layout_cave_pods, grunt_temple_overflow_open, uniq_prince_ribbit1,
          uniq_maurice
D:9:      layout_cave_pools, old_standard_altar, nicolae_elyvilon_temple_path,
          grunt_ministairs_4
D:10:     layout_basic, uniq_lodul, uniq_psyche
Temple:   nicolae_temple_bog_church

Notes
Turn   | Place    | Note
-------+----------+-------------------------------------------
     0 | D:1      | Sanktem7 the Minotaur Fighter began the quest for the Orb.
     0 | D:1      | Reached XP level 1. HP: 19/19 MP: 0/0
     0 | D:1      | magus.rc [v1.9.6]
   239 | D:1      | Reached XP level 2. HP: 18/27 MP: 1/1
   369 | D:1      | Reached skill level 4 in Fighting
   417 | D:1      | Reached skill level 3 in Axes
   671 | D:1      | Found Bianlisch's Antique Weapon Shoppe.
   932 | D:2      | Found a faded altar of an unknown god.
  1064 | D:2      | Found a sacrificial altar of Ru.
  1076 | D:2      | Reached skill level 4 in Armour
  1076 | D:2      | Reached XP level 3. HP: 21/34 MP: 2/2
  1901 | D:3      | Identified the +8 mace of Uluozela {vorpal, Fly rElec rCorr
                  | Int-2}
  1987 | D:3      | Reached XP level 4. HP: 35/41 MP: 3/3
  2072 | D:3      | Reached skill level 1 in Maces & Flails
  2644 | D:3      | Noticed Terence
  2648 | D:3      | Killed Terence
  2649 | D:3      | Reached skill level 5 in Fighting
  2853 | D:4      | Reached skill level 2 in Maces & Flails
  2853 | D:4      | Reached XP level 5. HP: 48/48 MP: 4/4
  3059 | D:4      | Noticed Pikel
  3059 | D:4      | Noticed a lemure
  3059 | D:4      | Noticed a lemure
  3059 | D:4      | Noticed a lemure
  3059 | D:4      | Noticed a lemure
  3077 | D:4      | Killed Pikel
  3078 | D:4      | Reached skill level 6 in Fighting
  3078 | D:4      | Reached skill level 4 in Maces & Flails
  3078 | D:4      | Reached skill level 5 in Armour
  3078 | D:4      | Reached XP level 6. HP: 29/58 MP: 3/5
  3078 | D:4      | Reached XP level 7. HP: 32/64 MP: 3/6
  3266 | D:4      | Reached skill level 7 in Fighting
  3266 | D:4      | Reached skill level 5 in Maces & Flails
  3630 | D:5      | Entered Level 5 of the Dungeon
  3732 | D:5      | Reached skill level 6 in Armour
  3744 | D:5      | Reached skill level 6 in Maces & Flails
  3753 | D:5      | Reached skill level 8 in Fighting
  3753 | D:5      | Reached XP level 8. HP: 23/74 MP: 2/7
  4001 | D:5      | Found Onwucw's Jewellery Emporium.
  4038 | D:5      | Noticed Duvessa
  4038 | D:5      | Noticed Dowan
  4059 | D:5      | Killed Duvessa
  4075 | D:5      | Killed Dowan
  4166 | D:5      | You add the spells Tukima's Dance, Passage of Golubria and
                  | Yara's Violent Unravelling to your library.
  4174 | D:5      | Found a staircase to the Ecumenical Temple.
  4223 | Temple   | Entered the Ecumenical Temple
  4367 | Temple   | Became a worshipper of Trog the Wrathful
  4431 | D:5      | Noticed Edmund
  4437 | D:5      | Reached skill level 7 in Maces & Flails
  4443 | D:5      | Killed Edmund
  4578 | D:5      | You pick up a book of Flames {forbidden} and begin
                  | reading...
  4578 | D:5      | You add the spells Foxfire, Conjure Flame, Inner Flame and
                  | Flame Wave to your library.
  4738 | D:6      | Reached skill level 9 in Fighting
  4749 | D:6      | Reached skill level 7 in Armour
  4754 | D:6      | Reached skill level 8 in Maces & Flails
  4771 | D:6      | Found a hazy altar of Hepliaklqana.
  5032 | D:6      | Reached XP level 9. HP: 82/85 MP: 8/8
  5054 | D:6      | Reached * piety under Trog
  5246 | D:7      | Found a transporter.
  5449 | D:7      | Noticed a centaur warrior
  5508 | D:7      | Reached skill level 10 in Fighting
  5546 | D:7      | Found a transporter.
  5550 | D:7      | Noticed zeram's ghost (novice SpHu)
  5556 | D:7      | Noticed a cyclops
  5842 | D:8      | Found a sparkling altar of Nemelex Xobeh.
  5843 | D:8      | Found a shimmering blue altar of Sif Muna.
  5844 | D:8      | Found a broken altar of Ashenzari.
  5846 | D:8      | Found an iron altar of Okawaru.
  5856 | D:8      | Reached skill level 9 in Maces & Flails
  5859 | D:8      | Found a shimmering altar of Xom.
  5861 | D:8      | Found an ornate altar of the Wu Jian Council.
  5861 | D:8      | Found an opulent altar of Gozag.
  5862 | D:8      | Found a hide-covered altar of Uskayaw.
  5862 | D:8      | Noticed Prince Ribbit
  5876 | D:8      | Killed Prince Ribbit
  5929 | D:8      | Reached skill level 8 in Armour
  5996 | D:8      | Killed an unseen horror
  5997 | D:8      | Reached skill level 11 in Fighting
  6049 | D:8      | Reached skill level 10 in Maces & Flails
  6052 | D:8      | Noticed a two-headed ogre
  6061 | D:8      | Killed a two-headed ogre
  6062 | D:8      | Reached XP level 10. HP: 39/96 MP: 9/9
  6160 | D:8      | Noticed Maurice
  6181 | D:8      | Killed Maurice
  6722 | D:9      | Reached skill level 11 in Maces & Flails
  6814 | D:9      | Reached skill level 12 in Fighting
  6814 | D:9      | Reached skill level 9 in Armour
  6847 | D:9      | Reached ** piety under Trog
  6985 | D:9      | Paralysed by a hornet for 1 turns
  7108 | D:9      | Noticed a gargoyle
  7114 | D:9      | Killed a gargoyle
  7167 | D:9      | Noticed an eight-headed hydra
  7174 | D:9      | HP: 13/99 [eight-headed hydra (13)]
  7176 | D:9      | Killed an eight-headed hydra
  7379 | D:9      | Found a shadowy altar of Dithmenos.
  7397 | D:9      | Found a white marble altar of Elyvilon.
  7553 | D:10     | Entered Level 10 of the Dungeon
  7591 | D:10     | Reached skill level 12 in Maces & Flails
  7677 | D:10     | Reached skill level 13 in Fighting
  7692 | D:10     | HP: 25/101 [yak (4)]
  7816 | D:10     | Reached XP level 11. HP: 73/107 MP: 10/10
  7972 | D:10     | Noticed a two-headed ogre
  7974 | D:10     | Noticed Lodul
  7989 | D:10     | Killed a two-headed ogre
  7990 | D:10     | Reached skill level 10 in Armour
  7990 | D:10     | HP: 18/107 [ogre/+0 giant club[Lodul] (27)]
  8008 | D:10     | HP: 21/107 [ogre/+0 giant spiked club[Lodul] (14)]
  8009 | D:10     | HP: 4/107 [ogre/+0 giant spiked club[Lodul] (18)]
  8017 | D:10     | HP: 1/107 [Lodul/+0 great mace (21)]
  8023 | D:10     | HP: 1/107 [kobold brigand/+0 short sword (5)]
  8023 | D:10     | Succumbed to a kobold brigand's poison

Vanquished Creatures
  A hydra (D:9)
  2 two-headed ogres
  Pikel (D:4)
  Maurice (D:8)
  An unseen horror (D:8)
  A gargoyle (D:9)
  3 trolls
  Prince Ribbit (D:8)
  3 hornets
  A vampire (D:10)
  5 yaks (D:10)
  2 steam dragons
  Edmund (D:5)
  An acid dragon (D:9)
  A water moccasin (D:9)
  Duvessa (D:5)
  A sky beast (D:7)
  3 black bears
  An orc warrior (D:9)
  10 ogres
  2 centaurs
  2 kobold brigands
  5 bullfrogs
  7 scorpions
  Dowan (D:5)
  2 howler monkeys
  2 hounds
  A jelly (D:5)
  3 orc priests
  Terence (D:3)
  2 iguanas
  5 orc wizards
  6 adders
  4 shadow imps
  2 white imps (D:7)
  An ufetubus (D:5)
  2 worms
  A dart slug (D:1)
  23 orcs
  4 bats
  An endoplasm (D:2)
  2 giant cockroaches
  2 goblins (D:2)
  6 hobgoblins
  3 quokkas
  11 ball pythons
  A frilled lizard (D:2)
  16 kobolds
  6 rats
165 creatures vanquished.

Vanquished Creatures (others)
  2 plants (D:9)
2 creatures vanquished.

Grand Total: 167 creatures vanquished

Table legend:
 A = Non-vault XP
 B = Vault XP
 C = Vault XP percentage of total XP
 D = Non-vault monster count
 E = Vault monster count
 F = Vault count percentage of total count
                 A         B        C        D         E       F
            +---------+---------+-------+---------+---------+-------
      Total |   10024 |    3059 |  23.4 |     145 |      20 |  12.1
            +---------+---------+-------+---------+---------+-------
        D:1 |      20 |       6 |  23.1 |      11 |       4 |  26.7
        D:2 |      50 |       0 |   0.0 |      16 |       0 |   0.0
        D:3 |      56 |      36 |  39.1 |      17 |       1 |   5.6
        D:4 |     249 |     607 |  70.9 |       8 |       1 |  11.1
        D:5 |     749 |     378 |  33.5 |      15 |       3 |  16.7
        D:6 |     769 |       0 |   0.0 |      24 |       0 |   0.0
        D:7 |     536 |       0 |   0.0 |       8 |       0 |   0.0
        D:8 |    2201 |     780 |  26.2 |      20 |       2 |   9.1
        D:9 |    2509 |     420 |  14.3 |      16 |       2 |  11.1
       D:10 |    2885 |     832 |  22.4 |      10 |       7 |  41.2
            +---------+---------+-------+---------+---------+-------

Illustrated notes

Table legend:
 A = Kills in this place as a percentage of kills in entire the game.
 B = Kills by you in this place as a percentage of kills by you in the entire game.
 C = Kills by friends in this place as a percentage of kills by friends in the entire game.
 D = Other kills in this place as a percentage of other kills in the entire game.
 E = Experience gained in this place as a percentage of experience gained in the entire game.
 F = Experience gained in this place divided by the number of levels of this place that you have seen.
                   A       B       C       D       E      F
               +-------+-------+-------+-------+-------+----------------------
         Total | 100.0 | 100.0 |   N/A |   N/A | 100.0 | 1189.4
       Dungeon | 100.0 | 100.0 |   N/A |   N/A | 100.0 | 1308.3
               +-------+-------+-------+-------+-------+----------------------

Table legend: (Time is in decaauts)
 A = Elapsed time spent in this place.
 B = Non-inter-level travel time spent in this place.
 C = Inter-level travel time spent in this place.
 D = Time resting spent in this place.
 E = Time spent auto-exploring this place.
 F = Levels seen in this place.
 G = Mean time per level.
                   A        B        C        D        E       F      G
               +--------+--------+--------+--------+--------+-----+--------+
         Total |   8057 |   7760 |    297 |      0 |   6579 |  11 |  732.5 |
       Dungeon |   7895 |   7624 |    271 |      0 |   6454 |  10 |  789.5 |
        Temple |    161 |    135 |     26 |      0 |    125 |   1 |  161.0 |
               +--------+--------+--------+--------+--------+-----+--------+

Top non-repeatable levels by time:
     D:2: 1000 daAuts
     D:3: 971 daAuts
     D:5: 936 daAuts
     D:1: 916 daAuts
     D:8: 867 daAuts
     D:9: 842 daAuts
     D:4: 789 daAuts
     D:7: 586 daAuts
     D:6: 524 daAuts
    D:10: 461 daAuts
  Temple: 161 daAuts
